 Dungeon Crawl Stone Soup version 0.17.0 (webtiles) character file.

101 Eucla the Twirler (level 4, 0/34 HPs)
             Began as a Demonspawn Gladiator on Nov 20, 2015.
             Slain by Guenter's ghost (13 damage)
             ... on level 3 of the Dungeon.
             The game lasted 00:02:30 (1988 turns).

Eucla the Twirler (Demonspawn Gladiator)            Turns: 1988, Time: 00:02:30

Health: 0/34       AC:  5    Str: 15    XL:     4   Next: 48%
Magic:  4/4        EV: 12    Int: 10    God:
Gold:   73         SH:  0    Dex: 14    Spells: 0 memorised, 3 levels left

rFire  + . .     SeeInvis .     a - +0 quarterstaff
rCold  . . .     Clarity  .     f - +0 ring mail
rNeg   . . .     SustAt   .     (shield currently unavailable)
rPois  .         Gourm    +     (helmet restricted)
rElec  .         Spirit   .     (no cloak)
rCorr  .         Warding  .     (no gloves)
rMut   .         Stasis   .     (no boots)
MR     .....                    o - amulet of the gourmand
Stlth  +.........               (no ring)
                                (no ring)

@: not resistant to hostile enchantments, very unstealthy
A: antennae 1, demonic guardian 1, fire resistance 1
a: no special abilities


You were on level 3 of the Dungeon.
You were hungry.

You visited 1 branch of the dungeon, and saw 3 of its levels.

You collected 73 gold pieces.

Inventory:

Hand Weapons
 a - a +0 quarterstaff (weapon)
Missiles
 d - 3 throwing nets (quivered)
Armour
 b - a +0 leather armour
 c - a +0 helmet
 f - a +0 ring mail (worn)
Jewellery
 o - an amulet of the gourmand (around neck)
Scrolls
 g - 2 scrolls of noise {unknown}
 i - a scroll of immolation {unknown}
 l - a scroll of blinking {unknown}
 n - a scroll of identify {unknown}
Potions
 h - a potion of agility {unknown}
 j - a potion of brilliance {unknown}
 k - a potion of poison {unknown}
Comestibles
 e - a bread ration
 m - a fruit


   Skills:
 + Level 2.6 Fighting
 * Level 3.5 Staves
 - Level 1.7 Throwing
 + Level 1.5 Armour
 + Level 3.3 Dodging


You had 3 spell levels left.
You didn't know any spells.

Dungeon Overview and Level Annotations

Branches:
Dungeon (3/15)

Altars:

Annotations:
D:3 Guenter's ghost, amateur MiGl


Innate Abilities, Weirdness & Mutations

You have a pair of small antennae on your head.
A weak demonic guardian rushes to your aid.
Your flesh is heat resistant.


Message History

Guenter's ghost is moderately damaged.
Your iron imp hits Guenter's ghost!
The giant newt barely misses your iron imp.
Guenter's ghost barely misses you.
Unknown command.
You hit Guenter's ghost.
Guenter's ghost is almost destroyed.
Your iron imp barely misses Guenter's ghost.
Guenter's ghost closely misses you.
The giant newt bites your iron imp but does no damage.
Unknown command.
You barely miss Guenter's ghost.
Guenter's ghost is almost destroyed.
Your iron imp disappears in a puff of smoke!
Guenter's ghost closely misses you.
Unknown command.
You hit Guenter's ghost.
Guenter's ghost is almost destroyed.
Guenter's ghost hits you!
You die...

.... #.........#####...##
.... ##.......######.#...
..... ##.....#..<........
..... ###...............
...... ##..###..........
......####...###......>..#
.......).................#
.....##.####..##.........#
... #.†@# #<...........# #
###lW..............#
..†...............
...............####
#..........####.
#.......... ...........
.#..........


You could see Guenter's ghost and a giant newt.

Vanquished Creatures
  3 adders (D:2)
  An ooze (D:3)
  2 worms (D:2)
  A giant gecko (D:1)
  An orc (D:3)
  A ball python (D:2)
  4 bats
  5 giant cockroaches (D:2)
  4 goblins
  9 hobgoblins
  15 jackals
  7 kobolds
  A giant newt (D:2)
  4 rats
58 creatures vanquished.

Vanquished Creatures (collateral kills)
  A bat (D:3)
1 creature vanquished.

Grand Total: 59 creatures vanquished

Notes
Turn   | Place    | Note
--------------------------------------------------------------
     0 | D:1      | Eucla the Demonspawn Gladiator began the quest for the Orb.
     0 | D:1      | Reached XP level 1. HP: 16/16 MP: 1/1
    73 | D:1      | Reached skill level 3 in Staves
    75 | D:1      | Gained mutation: A weak demonic guardian rushes to your aid. [demonic ancestry]
    75 | D:1      | Reached XP level 2. HP: 13/22 MP: 2/2
   401 | D:1      | Reached skill level 1 in Armour
   914 | D:1      | Gained mutation: Your flesh is heat resistant. [demonic ancestry]
   914 | D:1      | Reached XP level 3. HP: 27/27 MP: 3/3
  1439 | D:2      | Gained mutation: You have a pair of small antennae on your head. [demonic ancestry]
  1439 | D:2      | Reached XP level 4. HP: 34/34 MP: 4/4
  1976 | D:3      | Noticed Guenter's ghost (amateur MiGl)
  1988 | D:3      | Slain by Guenter's ghost

Action                   |  1- 3 |  4- 6 || total
-------------------------+-------+-------++-------
Melee: Quarterstaff      |   113 |    58 ||   171
  Use: Potion            |     2 |       ||     2
 Stab: Sleeping          |     1 |       ||     1
  Eat: Chunk             |     2 |     1 ||     3
